 Dungeon Crawl Stone Soup version 0.23-a0-359-g9beedce (webtiles) character file.

121 Cryolive the Digger (level 5, -7/28 HPs)
             Began as a Gargoyle Earth Elementalist on Oct 23, 2018.
             Killed from afar by an orc wizard (9 damage)
             ... with a magic dart
             ... on level 3 of the Dungeon.
             The game lasted 00:08:03 (2409 turns).

Cryolive the Digger (Gargoyle Earth Elementalist)   Turns: 2409, Time: 00:08:04

Health: -7/28      AC:  6    Str: 12    XL:     5   Next: 5%
Magic:  8/10       EV: 12    Int: 16    God:
Gold:   95         SH:  0    Dex: 10    Spells: 7/11 levels left

rFire    . . .     SeeInvis .   p - +0 flail
rCold    . . .     Gourm    .   (no shield)
rNeg     + . .     Faith    .   c - +0 robe
rPois    ∞         Spirit   .   (no helmet)
rElec    +         Reflect  .   (no cloak)
rCorr    .         Harm     .   (no gloves)
MR       .....                  (no boots)
Stlth    +.........             (no amulet)
HPRegen  0.09/turn              (no ring)
MPRegen  0.12/turn              (no ring)

@: confused
A: negative energy resistance 1, electricity resistance, unbreathing,
petrification resistance, rot immunity, AC +4
a: no special abilities


You were on level 3 of the Dungeon.
You were not hungry.

You visited 1 branch of the dungeon, and saw 3 of its levels.

You collected 95 gold pieces.

Inventory:

Hand Weapons
 h - a +1 mace of protection
 p - a +0 flail (weapon)
Missiles
 b - 7 stones (quivered)
Armour
 c - a +0 robe (worn)
Jewellery
 m - an uncursed amulet of harm {unknown}
 n - an uncursed ring of wizardry {unknown}
Scrolls
 a - 3 scrolls of remove curse {unknown}
 e - 2 scrolls of teleportation {unknown}
 g - a scroll of enchant weapon {unknown}
 i - a scroll of enchant armour {unknown}
 j - a scroll of immolation {unknown}
 l - a scroll of amnesia {unknown}
 o - a scroll of identify {unknown}
Potions
 f - 3 potions of curing {unknown}
 k - a potion of resistance {unknown}
Comestibles
 d - 6 rations


   Skills:
 - Level 1.5 Dodging
 - Level 2.1 Stealth
 + Level 3.5 Spellcasting
   Level 0.7 Transmutations
 + Level 5.3 Earth Magic


You had 7 spell levels left.
You knew the following spells:

 Your Spells              Type           Power        Failure   Level  Hunger
a - Sandblast             Erth           ###...       1%          1    None
b - Stone Arrow           Conj/Erth      ##....       17%         3    ###....

Your spell library contained the following spells:

 Spells                   Type           Power        Failure   Level  Hunger
 Passwall                 Tmut/Erth      ##......     8%          2    ##.....
 Petrify                  Tmut/Erth      ##......     45%         4    ####...
 Lee's Rapid Deconstruct  Erth           ###.......   47%         5    ######.


Dungeon Overview and Level Annotations

Branches:
Dungeon (3/15)

Altars:
Fedhas


Innate Abilities, Weirdness & Mutations

You are resistant to torment.
Your stone body is resilient. (AC +4)
You are immune to poison.
You resist negative energy. (rN+)
You are resistant to electric shocks. (rElec)
You can survive without breathing.
You are immune to petrification.
You are immune to rotting.


Message History

Tha magic dart hits ye!
Tha orc hits ye but does nay damage.
Ye miss somethin'.
Somethin' hits ye but does nay damage.
Tha orc barely misses ye.
Somethin' hits ye but does nay damage.
Ye closely miss somethin'.
Tha orc hits ye but does nay damage.
Ye hear some strange, mumbled words.
Ye be more confused.
Tha orc hits ye but does nay damage.
Ye hear some strange, mumbled words.
A magic dart appears from outta thin air!
Tha magic dart hits ye!
* * * LOW HITPOINT WARNIN'
* * * In yer confused state, ye trip an' fall back down tha stairs.
* * * LOW HITPOINT WARNIN'
* * * Tha orc hits ye but does nay damage.
Somethin' hits ye.
* * * LOW HITPOINT WARNIN'
* * * Tha orc hits ye but does nay damage.
Ye hear some strange, mumbled words.
A magic dart appears from outta thin air!
Tha magic dart hits ye!
Ye die...

...# ...# ...# ...
oo.# ..... ...#
#.#.g ...#
#.#g####### .r##
#.#.#.....# #.#
#.#.#.#o#.#
#.########.#.#o#@{.#
#.)÷...o...#.#.#####
##########...#....#
#o######.# #o# #.#
#.# #.# #####o# #{#
#...o.# #.#
#.##########o#


You could see an orc.

Vanquished Creatures
  3 gnolls (D:3)
  5 adders
  An ooze (D:1)
  A worm (D:2)
  A leopard gecko (D:2)
  2 orcs (D:3)
  2 bats (D:2)
  2 giant cockroaches (D:2)
  7 goblins
  4 hobgoblins
  4 kobolds
  A ball python (D:2)
  2 frilled lizards (D:1)
  4 rats
39 creatures vanquished.

Notes
Turn   | Place    | Note
-------+----------+-------------------------------------------
     0 | D:1      | Cryolive the Gargoyle Earth Elementalist began the quest
                  | for the Orb.
     0 | D:1      | Reached XP level 1. HP: 10/10 MP: 3/3
   227 | D:1      | Reached skill level 4 in Earth Magic
   227 | D:1      | Reached XP level 2. HP: 5/15 MP: 5/5
   891 | D:2      | Reached XP level 3. HP: 14/19 MP: 7/7
  1082 | D:2      | Found a blossoming altar of Fedhas.
  1367 | D:2      | Reached XP level 4. HP: 12/24 MP: 8/8
  1787 | D:3      | Learned a level 3 spell: Stone Arrow
  1791 | D:3      | Reached skill level 5 in Earth Magic
  2118 | D:3      | Reached XP level 5. HP: 7/28 MP: 10/10
  2409 | D:3      | Killed from afar by an orc wizard

Vault maps used:
D:1:      dpeg_arrival_yet_another_circle
D:2:      fedhas_altar_1, first_ration
D:3:      nemelex_xobeh_ov_fountains_minmay

Skill      XL: |  1  2  3  4 |
---------------+-------------+-----
Earth Magic    | 4 5 |  5.3
Spellcasting   | 3 |  3.5
Dodging        | |  1.5
Stealth        | |  2.1
Transmutations | |  0.7

Action                   |  1- 3 |  4- 6 || total
-------------------------+-------+-------++-------
Melee: Unarmed           |    33 |       ||    33
       Club              |    16 |       ||    16
       Dagger            |   123 |    70 ||   193
       Flail             |       |    25 ||    25
 Cast: Sandblast         |     7 |    16 ||    23
 Stab: Sleeping          |     2 |       ||     2
  Eat: Ration            |     1 |     1 ||     2
Armor: Robe              |    63 |    46 ||   109
Dodge: Dodged            |   121 |    74 ||   195

Table legend:
 A = Non-vault XP
 B = Vault XP
 C = Vault XP percentage of total XP
 D = Non-vault monster count
 E = Vault monster count
 F = Vault count percentage of total count
                 A         B        C        D         E       F
            +---------+---------+-------+---------+---------+-------
      Total |     173 |       0 |   0.0 |      39 |       0 |   0.0
            +---------+---------+-------+---------+---------+-------
        D:1 |      26 |       0 |   0.0 |      13 |       0 |   0.0
        D:2 |      70 |       0 |   0.0 |      18 |       0 |   0.0
        D:3 |      77 |       0 |   0.0 |       8 |       0 |   0.0
            +---------+---------+-------+---------+---------+-------
